 Dungeon Crawl Stone Soup version 0.26-a0-576-gcfaa98f (webtiles) character file.

Game seed: 11526351618156706441

2 Charmandara the Sneak (level 1, -2/20 HPs)
             Began as a Deep Dwarf Delver on Aug 22, 2020.
             Slain by a mummy (8 damage)
             ... in an ossuary.
             The game lasted 00:01:06 (117 turns).

Charmandara the Sneak (Deep Dwarf Delver)            Turns: 117, Time: 00:01:07

Health: -2/20      AC:  3    Str: 15    XL:     1   Next: 33%
Magic:  1/1        EV: 12    Int: 10    God:
Gold:   0          SH:  0    Dex: 14    Spells: 0/0 levels left

rFire    . . .     SeeInvis .   a - +0 hand axe
rCold    . . .     Faith    .   (no shield)
rNeg     . . .     Spirit   .   b - +0 leather armour
rPois    .         Reflect  .   (no helmet)
rElec    .         Harm     .   (no cloak)
rCorr    .                      (no gloves)
MR       .....                  (no boots)
Stlth    +++.......             (no amulet)
HPRegen  0.00/turn              (no ring)
MPRegen  0.07/turn              (no ring)

@: non-regenerating, hasted, lightly drained, very quick
A: damage resistance, heal wounds, sense surroundings 1, no regeneration
a: Heal Wounds


You were in an ossuary.
You visited 1 branch of the dungeon, and saw 3 of its levels.
You also visited: Ossuary.

Inventory:

Hand Weapons
 a - a +0 hand axe (weapon)
Armour
 b - a +0 leather armour (worn)
Wands
 g - a wand of digging (3)
Scrolls
 c - a scroll of fog
 e - a scroll of fear


   Skills:
 - Level 2.6(2.4) Fighting
 + Level 2.5(2.2) Axes
 - Level 2.1(1.9) Dodging
 - Level 6.0(5.7) Stealth


You couldn't memorise any spells.
You didn't know any spells.
Your spell library was empty.

Dungeon Overview and Level Annotations

Branches:
Dungeon (6/15)            Ossuary (1/1)
 Temple: D:4-7

Altars:
Hepliaklqana
The Shining One


Innate Abilities, Weirdness & Mutations

You are resistant to damage.
You can heal yourself by infusing magical energy.
You passively map a small area around you.
You do not regenerate.


Message History

The leopard gecko hisses angrily.
The worm bites you!
You take 6 damage, and have 14/20 hp.
MASSIVE DAMAGE!!
The leopard gecko bites you.
A frilled lizard comes into view.
The frilled lizard hisses angrily.
The leopard gecko hisses menacingly.
You hit the frilled lizard.
You kill the frilled lizard!
You hit the leopard gecko. The leopard gecko bites you.
The leopard gecko bites you but does no damage.
A howler monkey skeleton comes into view.
You miss the leopard gecko. The leopard gecko bites you.
You hit the leopard gecko.
You kill the leopard gecko!
The howler monkey skeleton hits you.
You take 2 damage, and have 12/20 hp.
You hit the howler monkey skeleton. The howler monkey skeleton misses you.
You hit the howler monkey skeleton.
The howler monkey skeleton barely misses you.
You hit the howler monkey skeleton. The howler monkey skeleton hits you.
You barely miss the howler monkey skeleton.
The wight hits you from afar with a +4 spear!
* * * LOW HITPOINT WARNING * * *
The howler monkey skeleton hits you. x2
* * * LOW HITPOINT WARNING * * *
The wight hits you from afar with a +4 spear.
You feel drained.
You take 8 damage, and have 4/20 hp.
MASSIVE DAMAGE!!
The howler monkey skeleton hits you.
A wight opens the door.
Unknown command.
The howler monkey skeleton hits you.
* * * LOW HITPOINT WARNING * * *
You take 1 damage, and have 3/20 hp.
Unknown command.
Found a club.
Found a stone staircase leading up.
Okay, then.
You open the door.
Found an escape hatch in the floor.
Found a sand-covered staircase.
Found an escape hatch in the floor.
There is an open door here.
There is a sand-covered staircase here.
The world spins around you as you enter the gateway.
You enter an ossuary!
Found a gate leading back out of this place.
There is an empty arch of ancient stone here.
Unknown command.
Okay, then.
You feel much better.
Health restored: 20 A hobgoblin zombie comes into view.
A gnoll zombie comes into view. 2 mummies and 2 zombies come into view.
A gnoll zombie comes into view. 2 mummies and 2 zombies come into view.
Okay, then.
Okay, then.
Okay, then.
A gnoll zombie comes into view.
A mummy comes into view.
The mummy misses you.
You feel yourself speed up.
The gnoll zombie hits you but does no damage.
You hit the gnoll zombie. You hit the mummy but do no damage.
The gnoll zombie hits you. The mummy closely misses you.
You hit the gnoll zombie.
You hit the gnoll zombie but do no damage.
You completely miss the mummy. You hit the mummy. The gnoll zombie hits you.
You take 1 damage, and have 19/20 hp.
You slash the gnoll zombie! You hit the mummy but do no damage.
You hit the mummy. You hit the gnoll zombie.
The gnoll zombie closely misses you. The mummy closely misses you.
The mummy hits you.
You hit the gnoll zombie.
You hit the gnoll zombie but do no damage.
You hit the mummy but do no damage.
Your leather armour prevents you from hitting the mummy.
The gnoll zombie closely misses you. The gnoll zombie hits you.
You take 1 damage, and have 18/20 hp.
Unknown command.
You barely miss the gnoll zombie. You hit the mummy.
You hit the mummy but do no damage.
You hit the gnoll zombie but do no damage.
The mummy hits you. The mummy hits you!
* * * LOW HITPOINT WARNING * * *
The gnoll zombie hits you but does no damage.
You take 12 damage, and have 6/20 hp.
MASSIVE DAMAGE!!
You are too injured to fight recklessly!
You hit the gnoll zombie but do no damage.
You hit the gnoll zombie. You barely miss the mummy.
You hit the mummy but do no damage. The gnoll zombie hits you.
You are too injured to fight recklessly!
Unknown command.
You are too injured to fight recklessly!
You hit the gnoll zombie. You hit the mummy. x2
You hit the gnoll zombie but do no damage.
The gnoll zombie hits you. The mummy hits you!
You die...

##.... ### #.....
##..## ..
#....M##....##..
#................
* ...Z.M.......Z.
.ZZZ........
#ZZMZ....#* *
#@MM...# *
##....## , #....#
, ,#....#,
,#....# , , ,
#....# * , ,
#....# , * * ,
#....#* ,, #....#


You could see 5 mummies, 3 hobgoblin zombies and 4 gnoll zombies.

Vanquished Creatures
  A leopard gecko (D:4)
  A frilled lizard (D:4)
2 creatures vanquished.

Notes
Turn   | Place    | Note
-------+----------+-------------------------------------------
     0 | D:5      | Charmandara the Deep Dwarf Delver began the quest for the
                  | Orb.
     0 | D:5      | Reached XP level 1. HP: 20/20 MP: 1/1
    26 | D:6      | Found a glowing golden altar of the Shining One.
    39 | D:5      | Found a hazy altar of Hepliaklqana.
    56 | D:4      | Noticed a wight
    56 | D:4      | Noticed a wight
    56 | D:4      | Noticed a wight
    58 | D:4      | Noticed a wight
    86 | D:4      | HP: 4/20 [howler monkey skeleton (2)]
    94 | D:4      | Found a sand-covered staircase.
    99 | Ossuary  | Entered an ossuary
   117 | Ossuary  | Slain by a mummy

Illustrated notes

Levels and vault maps discovered:
D:4:      corexii_shack_village, layout_basic, kennysheep_little_box,
          lemuel_coloured_pillars_altar, nicolae_ossuary_entry_false_entrances,
          lemuel_another_geyser
D:5:      layout_loops_corners, grunt_temple_overflow_gold_and_silver,
          overflow_temple_1_default, kennysheep_mini, nicolae_ru_awakened_eye,
          old_standard_altar, minmay_temple_entry_crystal_x, uniq_duvessa,
          uniq_edmund
D:6:      layout_loops_ring, lemuel_doored_altar
Ossuary:  ossuary_tomb_3

Action                   || total
-------------------------++-------
Melee: Hand axe          ||    14
 Abil: Heal Wounds       ||     1
  Use: Scroll            ||     1
       Potion            ||     1
Armor: Leather armour    ||     3
Dodge: Dodged            ||     7

Table legend: (Time is in decaauts)
 A = Elapsed time spent in this place.
 B = Non-inter-level travel time spent in this place.
 C = Inter-level travel time spent in this place.
 D = Time resting spent in this place.
 E = Time spent auto-exploring this place.
 F = Levels seen in this place.
 G = Mean time per level.
                   A        B        C        D        E       F      G
               +--------+--------+--------+--------+--------+-----+--------+
         Total |    116 |    116 |      0 |      0 |      0 |   4 |   29.0 |
       Dungeon |    100 |    100 |      0 |      0 |      0 |   3 |   33.3 |
       Ossuary |     16 |     16 |      0 |      0 |      0 |   1 |   16.0 |
               +--------+--------+--------+--------+--------+-----+--------+

Top non-repeatable levels by time:
     D:4: 46 daAuts
     D:5: 40 daAuts
 Ossuary: 16 daAuts
     D:6: 13 daAuts

Table legend:
 A = Kills in this place as a percentage of kills in entire the game.
 B = Kills by you in this place as a percentage of kills by you in the entire game.
 C = Kills by friends in this place as a percentage of kills by friends in the entire game.
 D = Other kills in this place as a percentage of other kills in the entire game.
 E = Experience gained in this place as a percentage of experience gained in the entire game.
 F = Experience gained in this place divided by the number of levels of this place that you have seen.
                   A       B       C       D       E      F
               +-------+-------+-------+-------+-------+----------------------
         Total | 100.0 | 100.0 |   N/A |   N/A | 100.0 |   1.0
       Dungeon | 100.0 | 100.0 |   N/A |   N/A | 100.0 |   1.3
               +-------+-------+-------+-------+-------+----------------------
